 Dungeon Crawl Stone Soup version 0.29-a0-834-g1e95ca9f62 (webtiles) character file.

Game seed: 8245550814277530722

27 wilfster70 the Chopper (level 3, -2/33 HPs)
             Began as a Hill Orc Monk on July 12, 2022.
             Slain by Terence
             ... wielding a +1 falchion of protection
              (9 damage)
             ... on level 2 of the Dungeon.
             The game lasted 00:02:47 (1304 turns).

wilfster70 the Chopper (Hill Orc Monk)              Turns: 1304, Time: 00:02:48

Health: -2/33      AC:  3    Str: 15    XL:     3   Next: 10%
Magic:  3/3        EV: 10    Int: 10    God:
Gold:   42         SH:  7    Dex: 13    Spells: 2/2 levels left

rFire   . . .      SeeInvis .   a - +0 hand axe
rCold   . . .      Faith    .   h - +0 kite shield
rNeg    . . .      Spirit   .   e - +0 leather armour
rPois   .          Reflect  .   (no helmet)
rElec   .          Harm     .   (no cloak)
rCorr   .          Rampage  .   (no gloves)
Will    .....                   (no boots)
Stlth   ++........              f - amulet of the acrobat
HPRegen 0.11/turn               (no ring)
MPRegen 0.08/turn               (no ring)

@: no status effects
A: no striking features
a: no special abilities


You were on level 2 of the Dungeon.
You visited 1 branch of the dungeon, and saw 2 of its levels.

You collected 42 gold pieces.

Inventory:

Hand Weapons
 a - a +0 hand axe (weapon)
 b - a +4 sling
Armour
 e - a +0 leather armour (worn)
 h - a +0 kite shield (worn)
Jewellery
 f - an amulet of the acrobat (around neck)
Scrolls
 g - a scroll of fear {unknown}
Potions
 c - a potion of ambrosia


   Skills:
 + Level 4.1 Fighting
 * Level 5.1 Axes
 - Level 2.4 Dodging
 - Level 1.5 Stealth


You had 2 spell levels left.
You didn't know any spells.
Your spell library contained the following spells:

 Spells                   Type           Power      Damage    Failure   Level
 Summon Guardian Golem    Hex/Summ       0%         N/A       99%         3
 Orb of Destruction       Conj           0%         9d5       100%        7
 Spellforged Servitor     Conj/Summ      0%         N/A       100%        7


Dungeon Overview and Level Annotations

Branches:
Dungeon (2/15)

Altars:

Annotations:
D:2 Sigmund, Terence


Message History

Terence hits you with a +1 falchion of protection!
You hit Terence but do no damage.
Terence is lightly wounded.
You feel less invigorated.
You feel less confused. You block Terence's attack.
You closely miss Terence.
Terence is lightly wounded.
Terence hits you with a +1 falchion of protection!
A rat comes into view.
You hit Terence.
Terence is moderately wounded.
Terence barely misses you. You block Terence's attack.
You closely miss Terence.
Terence is moderately wounded.
Terence barely misses you.
You hit Terence.
Terence is heavily wounded.
You block Terence's attack.
You barely miss Terence.
Terence is heavily wounded.
Terence hits you with a +1 falchion of protection.
Terence closely misses you.
You hit Terence.
Terence is severely wounded.
You hit the rat.
You kill the rat!
Terence closely misses you.
You hit Terence but do no damage.
Terence is severely wounded.
Terence closely misses you.
You hit Terence but do no damage.
Terence is severely wounded.
Terence hits you with a +1 falchion of protection!
You hit Terence but do no damage.
Terence is severely wounded.
Terence hits you with a +1 falchion of protection.
* * * LOW HITPOINT WARNING * * *
Terence hits you with a +1 falchion of protection!
You die...

#.......#
#.......##.#
#...$......####@..
#.# #...#.. #.##
......)# #..#
$........ ##.##
.........
####@.###.........#
#..@†#...#.........
#.###⌠.8..#.......#
#.####..8.#.....#.#
#.#⌠#∩#...#.......#
##...#_#⌠#........#
#.8..####.........
##..8.⌠# #.....#..
#.#...## #.###.#
##.###.# #.# .#


You could see Terence.

Vanquished Creatures
  An adder (D:2)
  4 endoplasms (D:1)
  2 giant cockroaches (D:1)
  A goblin (D:1)
  2 quokkas (D:1)
  A ball python (D:1)
  A bat (D:1)
  A frilled lizard (D:1)
  2 kobolds (D:1)
  2 rats
17 creatures vanquished.

Notes
Turn   | Place    | Note
-------+----------+-------------------------------------------
     0 | D:1      | wilfster70 the Hill Orc Monk began the quest for the Orb.
     0 | D:1      | Reached XP level 1. HP: 19/19 MP: 1/1
   449 | D:1      | Reached XP level 2. HP: 25/27 MP: 2/2
  1189 | D:1      | You fall into a shaft and drop 1 floor!
  1189 | D:2      | Found a faded altar of an unknown god.
  1207 | D:2      | Reached skill level 5 in Axes
  1207 | D:2      | Reached XP level 3. HP: 29/33 MP: 3/3
  1248 | D:2      | Noticed Sigmund
  1272 | D:2      | Noticed Terence
  1304 | D:2      | Slain by Terence

Illustrated notes

Levels and vault maps discovered:
D:1:      dpeg_arrival_tiny_h, layout_basic, minmay_tree_intersection
D:2:      layout_rooms, shapermc_ecumenical_altar_venn, uniq_robin,
          uniq_terence, uniq_sigmund

Skill      XL: |  1  2 |
---------------+-------+-----
Fighting       | 4 |  4.1
Axes           | 5 |  5.1
Dodging        | |  2.4
Stealth        | |  1.5

Action                   || total
-------------------------++-------
Melee: Hand axe          ||    92
 Fire: Sling             ||     4
  Use: Potion            ||     2
 Stab: Sleeping          ||     1
Armor: Leather armour    ||    22
Dodge: Dodged            ||    64
Block: Kite shield       ||     7

Table legend: (Time is in decaauts)
 A = Elapsed time spent in this place.
 B = Non-inter-level travel time spent in this place.
 C = Inter-level travel time spent in this place.
 D = Time resting spent in this place.
 E = Time spent auto-exploring this place.
 F = Levels seen in this place.
 G = Mean time per level.
                   A        B        C        D        E       F      G
               +--------+--------+--------+--------+--------+-----+--------+
         Total |   1316 |   1316 |      0 |    269 |    651 |   2 |  658.0 |
       Dungeon |   1316 |   1316 |      0 |    269 |    651 |   2 |  658.0 |
               +--------+--------+--------+--------+--------+-----+--------+

Top non-repeatable levels by time:
     D:1: 1195 daAuts
     D:2: 121 daAuts
